 Dungeon Crawl Stone Soup version 0.17-a0-2064-g265a032 (webtiles) character file.

312 daawg the Cudgeler (level 6, -7/37 HPs)
             Began as a Gargoyle Fighter on Oct 12, 2015.
             Killed by divine providence
             ... invoked by an orc priest
              (11 damage)
             ... on level 4 of the Dungeon.
             The game lasted 00:35:03 (3543 turns).

daawg the Cudgeler (Gargoyle Fighter)               Turns: 3543, Time: 00:35:03

Health: -7/37      AC: 13    Str: 20      XL:     6   Next: 42%
Magic:  0/6        EV:  7    Int:  9      God:
Gold:   219        SH:  9    Dex:  9 (10) Spells: 0 memorised, 5 levels left

rFire  + . .     SeeInvis .     z - +0 flail (holy)
rCold  . . .     Clarity  .     b - +0 scale mail
rNeg   + . .     SustAt   .     c - +0 shield
rPois  ∞         Gourm    .     (no helmet)
rElec  +         Spirit   +     (no cloak)
rCorr  .         Warding  .     l - +1 pair of gloves
rMut   .         Stasis   .     (no boots)
MR     .....                    i - amulet of guardian spirit
Stlth  ..........               (no ring)
                                k - ring of protection from fire

@: not resistant to hostile enchantments, extremely unstealthy
A: negative energy resistance 1, electricity resistance, unbreathing,
petrification resistance, rot immunity, AC +4
a: no special abilities


You were on level 4 of the Dungeon.
You were very hungry.

You visited 1 branch of the dungeon, and saw 4 of its levels.

You collected 219 gold pieces.

Inventory:

Hand Weapons
 a - a +0 flail
 t - a +0 whip
 u - a +0 whip
 z - a +0 flail of holy wrath (weapon)
Missiles
 B - 3 needles of sleeping
Armour
 b - a +0 scale mail (worn)
 c - a +0 shield (worn)
 l - a +1 pair of gloves (worn)
Jewellery
 i - an amulet of guardian spirit (around neck)
 k - a ring of protection from fire (left hand)
 r - an uncursed amulet of rage
Wands
 s - a wand of slowing (20)
Scrolls
 f - a scroll of noise {unknown}
 j - 2 scrolls of magic mapping {unknown}
 m - 5 scrolls of remove curse {unknown}
 n - a scroll of enchant armour {unknown}
 p - a scroll of blinking {unknown}
 q - a scroll of amnesia {unknown}
 v - a scroll of enchant weapon {unknown}
 w - 3 scrolls of identify {unknown}
 y - a scroll of fear {unknown}
 A - a scroll of immolation {unknown}
Potions
 d - 2 potions of might
 h - 2 potions of curing {unknown}
 o - a potion of brilliance {unknown}
 C - a potion of degeneration {unknown}
Comestibles
 e - a bread ration
 x - a royal jelly
 D - a slice of pizza


   Skills:
 - Level 3.4 Fighting
 + Level 6.4 Maces & Flails
 - Level 3.4 Armour
 - Level 3.4 Shields


You had 5 spell levels left.
You didn't know any spells.

Dungeon Overview and Level Annotations

Branches:
Dungeon (4/15)
 Temple: D:4-7

Altars:
Cheibriados


Innate Abilities, Weirdness & Mutations

You are resistant to torment.
Your stone body is resilient (AC +4).
You are immune to poison.
You resist negative energy.
You are resistant to electric shocks.
You can survive without breathing.
You are immune to petrification.
You are immune to rotting.


Message History

You kill the giant cockroach!
The orc priest looks braver for a moment.
You completely miss the orc priest.
The orc priest hits you but does no damage.
Your shield and scale mail prevent you from hitting the orc priest.
The orc priest mumbles some strange prayers to Beogh against you.
Something smites you!
* * * LOW HITPOINT WARNING * * *
You closely miss the orc priest. You block the orc priest's attack.
You are feeling very hungry.
Your scale mail prevents you from hitting the orc priest.
You block the orc priest's attack.
Drop what? 30/52 slots (_ for help) (? for menu, Esc to quit)
Okay, then.
It was a potion of cure mutation.
It has a very clean taste.
You block the orc priest's attack.
You barely miss the orc priest.
The orc priest invokes the aid of Beogh against you.
Something smites you!
You die...

#................#
################.#
#.# #.#
#######.###
.......>.(#
#######.#.# #.#.#
#@# # #o# #.# ..#
..# .### . ..


You could see an orc priest.

Vanquished Creatures
  An orc priest (D:4)
  A quasit (D:3)
  2 orc wizards
  An iguana (D:4)
  7 adders
  A gnoll (D:2)
  3 worms
  3 giant geckos
  4 orcs
  7 giant cockroaches
  9 goblins
  8 hobgoblins
  3 jackals
  12 kobolds
  2 quokkas (D:3)
  A ball python (D:2)
  5 bats
  12 giant newts
  9 rats
  2 fungi (D:1)
  6 plants (D:4)
99 creatures vanquished.

Notes
Turn   | Place    | Note
--------------------------------------------------------------
     0 | D:1      | daawg the Gargoyle Fighter began the quest for the Orb.
     0 | D:1      | Reached XP level 1. HP: 14/14 MP: 1/1
   171 | D:1      | Reached XP level 2. HP: 19/19 MP: 2/2
   495 | D:1      | Reached XP level 3. HP: 23/23 MP: 3/3
  1296 | D:2      | Found a snail-covered altar of Cheibriados.
  1493 | D:2      | Reached skill level 4 in Maces & Flails
  1493 | D:2      | Reached XP level 4. HP: 20/28 MP: 4/4
  2159 | D:3      | Reached XP level 5. HP: 24/32 MP: 5/5
  2220 | D:3      | Reached skill level 5 in Maces & Flails
  3087 | D:4      | Reached XP level 6. HP: 37/37 MP: 6/6
  3119 | D:4      | Reached skill level 6 in Maces & Flails
  3505 | D:4      | Noticed a phantom
  3506 | D:4      | Noticed a phantom
  3543 | D:4      | Killed from afar by an orc priest

Vault maps used:
D:1:      dpeg_arrival_arbitrary_c, st_stairs_6, grunt_decor_mini_mirrors,
          corexii_corridor_pit, minmay_gold_behind_fungi
D:2:      cheibriados_altar_wand_db, dk_noncrumbling_3
D:3:      forest_paths
D:4:      st_stairs_5, minmay_misc_feat_rugged, minmay_lizard_king

Action                   |  1- 3 |  4- 6 || total
-------------------------+-------+-------++-------
Melee: Flail             |    94 |   255 ||   349
       Whip              |    77 |   204 ||   281
  Use: Potion            |       |     1 ||     1
  Eat: Bread ration      |     1 |     1 ||     2
